 Dungeon Crawl Stone Soup version 0.31.0-12-g77e489cdc1 (webtiles) character file.

Game seed: 10415279498444577700

1514 RancidPinata the Sneak (level 8, -3/51 HPs)
             Began as a Gargoyle Delver on Feb 25, 2024.
             Slain by a two-headed ogre
             ... wielding a +0 giant club
              (26 damage)
             ... on level 5 of the Dungeon.
             The game lasted 00:24:47 (7007 turns).

RancidPinata the Sneak (Gargoyle Delver)            Turns: 7007, Time: 00:24:49

Health: -3/51      AC: 17    Str: 18    XL:     8   Next: 83%
Magic:  8/8        EV: 11    Int: 11    God:
Gold:   257        SH:  5    Dex: 11    Spells: 7/7 levels left

rFire   . . .        G - +4 flail (holy)
rCold   . . .        m - +0 buckler
rNeg    + . .        v - +0 ring mail
rPois   ∞            u - +0 helmet
rElec   +            (no cloak)
rCorr   .            (no gloves)
SInv    +            (no boots)
Will    .....        (no amulet)
Stlth   +++          q - ring of see invisible
HPRegen 0.28/turn    b - +4 ring of protection
MPRegen 0.11/turn

%: no passive effects
@: no status effects
A: sickness immunity, AC +5, negative energy resistance 1, electricity
resistance, torment resistance 1, petrification resistance
a: no special abilities


You were on level 5 of the Dungeon.
You visited 1 branch of the dungeon, and saw 6 of its levels.

You collected 257 gold pieces.

Inventory:

Hand Weapons
 a - a +0 mace
 y - a +0 morningstar
 G - a +4 flail of holy wrath (weapon)
Missiles
 k - 39 stones (quivered)
 n - 2 boomerangs
Armour
 m - a +0 buckler (worn)
 u - a +0 helmet (worn)
 v - a +0 ring mail (worn)
 H - a +0 ring mail
Jewellery
 b - a +4 ring of protection (right hand)
 e - a ring of willpower
 q - a ring of see invisible (left hand)
 F - a ring of magical power
Wands
 g - a wand of digging (3)
 x - a wand of flame (33)
Scrolls
 c - 2 scrolls of fog
 d - 3 scrolls of revelation
 h - a scroll of butterflies {unknown}
 i - a scroll of poison
 j - a scroll of torment {unknown}
 l - a scroll of immolation {unknown}
 o - 2 scrolls of amnesia
 s - 2 scrolls of teleportation {unknown}
Potions
 f - a potion of haste
 p - 2 potions of heal wounds
 r - a potion of lignification {unknown}
 t - a potion of enlightenment {unknown}
 w - 2 potions of resistance
 B - 2 potions of brilliance {unknown}
 C - a potion of invisibility {unknown}
 D - a potion of magic {unknown}
 E - 2 potions of ambrosia {unknown}


   Skills:
 * Level 6.3 Fighting
 * Level 4.7 Maces & Flails
 * Level 5.2 Armour
 + Level 3.1 Dodging
 + Level 7.0 Stealth
 * Level 4.9 Shields


You had 7 spell levels left.
You didn't know any spells.
Your spell library contained the following spells:

 Spells                   Type           Power      Damage    Failure   Level
 Passage of Golubria      Tloc           0%         N/A       100%        4
 Silence                  Hex/Air        0%         N/A       100%        5
 Lehudib's Crystal Spear  Conj/Erth      0%         10d2      100%        8


Dungeon Overview and Level Annotations

Branches:
Dungeon (6/15)
 Temple: D:4-7

Altars:
Qazlal
Yredelemnul

Shops:
D:4 :

Annotations:
D:6 1 runed translucent door, mrw3rdna's ghost, novice TrSh


Innate Abilities, Weirdness & Mutations

You are immune to sickness and miasma.
Your stone body is resilient. (AC +5)
You are immune to poison.
You resist negative energy. (rN+)
You are resistant to electric shocks. (rElec)
You are resistant to unholy torment.
You are immune to petrification.


Message History

Prince Ribbit misses you.
You sock Prince Ribbit!
Prince Ribbit is severely wounded.
Prince Ribbit blinks!
The air fills with toxic fumes!
As you read the scroll labelled PAETAI AHEI, it crumbles to dust.
It was a scroll of poison.
Prince Ribbit blinks!
Prince Ribbit is engulfed in poison gas.
Prince Ribbit is poisoned.
The two-headed ogre is engulfed in poison gas.
The two-headed ogre is poisoned.
Prince Ribbit is engulfed in poison gas.
Prince Ribbit looks even sicker.
You closely miss Prince Ribbit.
Prince Ribbit is almost dead.
Prince Ribbit is engulfed in poison gas.
Prince Ribbit looks even sicker.
You kill Prince Ribbit!
The two-headed ogre looks even sicker.
Your Armour skill increases to level 5!
Your Stealth skill increases to level 7!
Okay, then.
The two-headed ogre is engulfed in poison gas.
The two-headed ogre looks even sicker.
The two-headed ogre is engulfed in poison gas.
The two-headed ogre looks as sick as possible!
You hit the two-headed ogre but do no damage.
The two-headed ogre is moderately wounded.
The two-headed ogre is engulfed in poison gas.
The two-headed ogre looks as sick as possible!
The two-headed ogre misses you.
The two-headed ogre hits you with a +0 giant club!
You hit the two-headed ogre.
The two-headed ogre is heavily wounded.
The two-headed ogre is engulfed in poison gas.
The two-headed ogre looks as sick as possible!
The two-headed ogre hits you with a +0 giant club!!
Ouch! That really hurt!
You die...

.#.......#...#.......# #.####....
.##.....##...##.....##.#.........
.###...###...###...##.......††...
.# ##### #...# #######........###
.# #...# #...###°☼°###......#.#≈§
.# .....##§..##§°☼☼§##......#†#≈§
.# ......#☼§☼#○§.°○°°#......#†#≈§
.# .?O...○°§☼°§°§○°○○#........').
.# .#...#°O@°○☼○#.##.....#§§ <#
#...##○§§°§##.##....##§. .#
#...###§§○##........##§≈ .# #####
#...# ######..#......###
.###...###...###...##..'.......#.
.##.....##...##.....##.#....†..#.
.#.......#...#.......#...........
.#.......'...'..)....#.[######...
.#.......#...#.......#....####...


You could see a two-headed ogre (extremely poisoned).

Vanquished Creatures
  Prince Ribbit (D:5)
  Edmund (D:5)
  An ice beast (D:5)
  A black bear (D:4)
  3 centaurs
  2 scorpions
  A howler monkey (D:5)
  2 bombardier beetles
  A hound (D:4)
  2 orc priests
  2 sleepcaps (D:4)
  2 iguanas
  Ijyb (D:3)
  5 orc wizards
  Robin (D:2)
  9 adders
  2 white imps
  2 ribbon worms
  2 dart slugs
  18 orcs
  8 endoplasms
  5 goblins
  11 hobgoblins
  12 jackals
  5 quokkas
  7 ball pythons
  3 bats
  6 frilled lizards
  7 kobolds
  8 rats
131 creatures vanquished.

Vanquished Creatures (others)
  A goblin (D:4)
1 creature vanquished.

Grand Total: 132 creatures vanquished

Notes
Turn   | Place    | Note
-------+----------+-------------------------------------------
     0 | D:5      | RancidPinata the Gargoyle Delver began the quest for the
                  | Orb.
     0 | D:5      | Reached XP level 1. HP: 14/14 MP: 1/1
     1 | D:6      | Noticed mrw3rdna's ghost (novice TrSh)
     1 | D:6      | Noticed a bullfrog
     1 | D:6      | Noticed a bullfrog
     1 | D:6      | Found a runed translucent door.
   147 | D:5      | Noticed a centaur
   147 | D:5      | Noticed a black bear
   174 | D:5      | Noticed a centaur
   186 | D:4      | Noticed a sleepcap
   235 | D:3      | Reached XP level 2. HP: 12/19 MP: 2/2
   363 | D:1      | Reached skill level 1 in Armour
  1001 | D:1      | Reached XP level 3. HP: 23/23 MP: 3/3
  1336 | D:2      | Reached skill level 1 in Shields
  1429 | D:2      | Reached XP level 4. HP: 28/29 MP: 4/4
  2744 | D:3      | Noticed Ijyb
  2745 | D:3      | Noticed Robin
  2936 | D:2      | Killed Robin
  3287 | D:3      | Reached XP level 5. HP: 9/33 MP: 5/5
  3705 | D:3      | Killed Ijyb
  3817 | D:3      | Reached skill level 6 in Stealth
  4128 | D:3      | Reached XP level 6. HP: 39/39 MP: 6/6
  4220 | D:4      | Found a stormy altar of Qazlal.
  4220 | D:4      | Found a basalt altar of Yredelemnul.
  4369 | D:4      | Found Zugunom's Book Shoppe.
  4579 | D:4      | Reached XP level 7. HP: 44/44 MP: 7/7
  4700 | D:4      | Reached skill level 5 in Fighting
  5303 | D:5      | Reached XP level 8. HP: 46/50 MP: 8/8
  5493 | D:5      | Noticed Prince Ribbit
  5493 | D:5      | Noticed Edmund
  5729 | D:5      | Noticed a two-headed ogre
  6773 | D:5      | Killed Edmund
  7003 | D:5      | Killed Prince Ribbit
  7004 | D:5      | Reached skill level 5 in Armour
  7004 | D:5      | Reached skill level 7 in Stealth
  7007 | D:5      | Slain by a two-headed ogre

Illustrated notes

Levels and vault maps discovered:
D:1:      ebering_hopf_link, layout_basic, nrook_loot_triangle,
          roderic_lattice_a
D:2:      layout_basic, serial_rivers, chequers_serial_rivers_large_b,
          chequers_serial_rivers_micro_a, chequers_serial_rivers_micro_e,
          chequers_serial_rivers_micro_c, reono_crystal_passage,
          chequers_serial_rivers_small_b
D:3:      layout_loops_cross, nrook_uturn, nicolae_goblin_pals
D:4:      layout_rooms, gammafunk_temple_overflow_wave, serial_shops, shop,
          minmay_misc_feat_columns, kennysheep_dice
D:5:      kennysheep_six_static_rooms, layout_basic,
          eino_small_chamber_without_monster, chequers_serial_rivers_micro_c,
          kennysheep_generic_room_11, uniq_prince_ribbit1, uniq_edmund
D:6:      layout_gridville, minmay_temple_entry_mist, serial_shops,
          nicolae_take_the_stairs, ebering_ghost_sewer_f

Skill      XL: |  1  2  3  4  5  6  7  8 |
---------------+-------------------------+-----
Armour         | 1 2 3 4 5 |  5.2
Shields        | 1 2 3 4 |  4.9
Fighting       | 4 5 6 |  6.3
Dodging        | 2 3 |  3.1
Stealth        | 6 7 |  7.0
Maces & Flails | 3 4 |  4.7

Action                     |  1- 3 |  4- 6 |  7- 9 || total
---------------------------+-------+-------+-------++-------
  Melee: Mace              |    96 |   195 |       ||   291
         Flail             |       |    56 |   192 ||   248
    Use: Scroll            |       |     1 |     5 ||     6
         Potion            |       |       |     1 ||     1
   Stab: Sleeping          |     5 |     8 |     3 ||    16
 Armour: Leather armour    |    62 |    52 |       ||   114
         Ring mail         |       |   118 |   178 ||   296
  Dodge: Dodged            |    55 |   145 |   154 ||   354
  Block: Buckler           |     8 |    56 |    45 ||   109
